 Dungeon Crawl Stone Soup version 0.22.0-16-gc6d26f69f9 (webtiles) character file.

2330 Kniotic the Cleaver (level 9, 0/70 HPs)
             Began as a Minotaur Berserker on Aug 17, 2018.
             Was an Elder of Trog.
             Succumbed to a killer bee's poison
             ... on level 8 of the Dungeon.
             The game lasted 00:08:20 (5047 turns).

Kniotic the Cleaver (Minotaur Berserker)            Turns: 5047, Time: 00:08:20

Health: 0/70       AC: 11    Str: 24    XL:     9   Next: 19%
Magic:  8/8        EV: 12    Int:  4    God:    Trog [****..]
Gold:   376        SH:  0    Dex: 16    Spells: 8/8 levels left

rFire    . . .     SeeInvis .   a - +1 hand axe
rCold    . . .     Gourm    .   (no shield)
rNeg     . . .     Faith    .   t - +0 plate armour
rPois    .         Spirit   .   (helmet restricted)
rElec    .         Reflect  .   (no cloak)
rCorr    .         Harm     .   (no gloves)
MR       .....                  (no boots)
Stlth    ..........             (no amulet)
HPRegen  0.21/turn              (no ring)
MPRegen  0.11/turn              (no ring)

@: agile, lethally poisoned (0 -> -1), berserk cooldown, flying
A: retaliatory headbutt, horns 2
a: Berserk, Trog's Hand, Brothers in Arms, Renounce Religion


You were on level 8 of the Dungeon.
You worshipped Trog.
Trog was greatly pleased with you.
You were not hungry.

You visited 1 branch of the dungeon, and saw 8 of its levels.

You collected 376 gold pieces.

Inventory:

Hand Weapons
 a - a +1 hand axe (weapon)
Armour
 t - a +0 plate armour (worn)
Jewellery
 v - the ring "Umnig" {*Tele Str+6 Int+2, unknown}
   (You found it on level 4 of the Dungeon)

   [ring of teleportation]

   It may teleport you next to monsters.
   It affects your strength (+6).
   It affects your intelligence (+2).
Wands
 j - a wand of polymorph (17)
 w - a wand of flame (16)
 y - a wand of clouds (6)
Scrolls
 b - a scroll of noise {unknown}
 h - a scroll of identify
 k - 2 scrolls of teleportation {unknown}
 l - a scroll of blinking {unknown}
 m - 4 scrolls of enchant weapon
 q - a scroll of magic mapping {unknown}
 r - 2 scrolls of fear {unknown}
 s - 3 scrolls of amnesia
 z - a scroll of remove curse
Potions
 f - a potion of haste {unknown}
 g - 2 potions of might {unknown}
 i - 3 potions of brilliance
 n - a potion of flight
 o - a potion of curing {unknown}
 p - 2 potions of mutation {unknown}
 u - a potion of cancellation {unknown}
 A - a potion of berserk rage {unknown}
Comestibles
 c - 9 rations


   Skills:
 - Level 3.6 Fighting
 + Level 14.3 Axes
 - Level 2.4 Armour
 - Level 2.1 Dodging


You had 8 spell levels left.
You didn't know any spells.
Your spell library was empty.

Dungeon Overview and Level Annotations

Branches:
Dungeon (8/15)
 Temple: D:4-7         Lair: D:8-11

Altars:
Ashenzari
Nemelex Xobeh
Okawaru
Wu Jian
Xom


Innate Abilities, Weirdness & Mutations

You reflexively headbutt those who attack you in melee.
You have a pair of horns on your head.


Message History

* * * LOW HITPOINT WARNING * * *
You fly downwards.
A centaur warrior skeleton comes into view.
You feel sick.
Found a scale mail, 10 stones and 15 gold pieces.
There is a stone staircase leading up here.
The crimson imp hits you but does no damage.
You hit the crimson imp.
You headbutt the crimson imp, but do no damage.
The crimson imp is heavily wounded.
The crimson imp closely misses you. You furiously retaliate!
You headbutt the crimson imp, but do no damage.
You hit the crimson imp. Your headbutt misses the crimson imp.
The crimson imp is severely wounded.
You barely miss the crimson imp.
The crimson imp is severely wounded.
The crimson imp hits you.
* * * LOW HITPOINT WARNING * * *
You feel agile all of a sudden.
You feel a little less clever now.
You die...

...# .... ##
#..# ..$.
##.###..# .(.#
#.......##...##
#..............
#...........[..
#....Z.........
#.<# #5@# #...#
#...# #...#
###.# ##


You could see a crimson imp and a centaur warrior skeleton.

Vanquished Creatures
  Edmund (D:4)
  A black bear (D:4)
  A sky beast (D:5)
  2 ice beasts (D:6)
  An ogre (D:2)
  2 phantoms
  2 centaurs
  2 bullfrogs
  5 killer bees (D:7)
  The ghost of tidbits the Insei, a weakling GnTm (D:3)
  The ghost of tidbits the Insei, a weakling GnTm (D:3)
  3 centaur zombies (D:5)
  A bullfrog zombie (D:5)
  A quasit (D:6)
  A jelly (D:5)
  A centaur skeleton (D:4)
  4 hounds
  Jessica (D:2)
  4 orc wizards
  3 iguanas
  5 worker ants
  2 hound zombies
  2 worker ant zombies
  Robin (D:4)
  5 adders
  7 gnolls
  A shadow imp (D:5)
  3 oozes
  3 adder skeletons
  2 worms (D:2)
  A dart slug (D:1)
  2 leopard geckos
  16 orcs
  10 bats
  4 giant cockroaches
  16 goblins
  10 hobgoblins
  6 jackals
  10 kobolds
  3 quokkas
  3 ball pythons
  6 frilled lizards
  2 jackal zombies (D:5)
  A leopard gecko skeleton (D:4)
  2 quokka zombies
  9 rats
170 creatures vanquished.

Notes
Turn   | Place    | Note
-------+----------+-------------------------------------------
     0 | D:1      | Kniotic the Minotaur Berserker began the quest for the Orb.
     0 | D:1      | Reached XP level 1. HP: 19/19 MP: 0/0
    62 | D:1      | Reached skill level 4 in Axes
    71 | D:1      | Reached XP level 2. HP: 10/26 MP: 1/1
   411 | D:1      | Reached ** piety under Trog
   443 | D:1      | Reached skill level 5 in Axes
   542 | D:1      | Reached XP level 3. HP: 26/31 MP: 2/2
  1262 | D:2      | Reached skill level 6 in Axes
  1262 | D:2      | Reached XP level 4. HP: 39/39 MP: 3/3
  1414 | D:2      | Noticed an ogre
  1418 | D:2      | Killed an ogre
  1418 | D:2      | Reached skill level 7 in Axes
  1418 | D:2      | Reached XP level 5. HP: 45/45 MP: 4/4
  1508 | D:2      | Reached *** piety under Trog
  1671 | D:2      | Noticed Jessica
  1679 | D:2      | Killed Jessica
  2047 | D:3      | Reached skill level 8 in Axes
  2307 | D:3      | Found a runed gate.
  2308 | D:3      | Found a runed gate.
  2314 | D:3      | Found a runed gate.
  2445 | D:3      | Noticed tidbits's ghost (weakling GnTm)
  2447 | D:3      | Noticed tidbits's ghost (weakling GnTm)
  2470 | D:3      | Killed tidbits's ghost
  2470 | D:3      | Reached XP level 6. HP: 51/51 MP: 5/5
  2488 | D:3      | Killed tidbits's ghost
  2703 | D:4      | Reached skill level 9 in Axes
  2817 | D:4      | Reached XP level 7. HP: 55/57 MP: 6/6
  2862 | D:4      | Reached skill level 10 in Axes
  2986 | D:4      | Noticed Edmund
  2997 | D:4      | Killed Edmund
  3061 | D:4      | Got a flickering pewter ring
  3104 | D:4      | Noticed Robin
  3113 | D:4      | Reached **** piety under Trog
  3118 | D:4      | Killed Robin
  3120 | D:4      | Received a gift from Trog
  3240 | D:5      | Entered Level 5 of the Dungeon
  3258 | D:5      | Reached skill level 11 in Axes
  3266 | D:5      | Reached XP level 8. HP: 25/64 MP: 7/7
  3459 | D:5      | Found an iron altar of Okawaru.
  3702 | D:5      | Reached skill level 12 in Axes
  4059 | D:6      | Reached skill level 13 in Axes
  4321 | D:6      | Found a shimmering altar of Xom.
  4425 | D:6      | Found a shattered altar of Ashenzari.
  4686 | D:6      | Reached XP level 9. HP: 41/70 MP: 8/8
  4984 | D:7      | Found a sparkling altar of Nemelex Xobeh.
  5002 | D:7      | Reached skill level 14 in Axes
  5036 | D:7      | Found an ornate altar of the Wu Jian Council.
  5041 | D:7      | HP: 3/70 [crimson imp (2)]
  5046 | D:8      | HP: 1/70 [crimson imp (2)]
  5047 | D:8      | Succumbed to a killer bee's poison

Skill      XL: |  1  2  3  4  5  6  7  8  9 |
---------------+----------------------------+-----
Axes           | 4 5 6 7 8 9 11 13 14 | 14.3
Fighting       | |  3.6
Armour         | |  2.4
Dodging        | |  2.1

Action                   |  1- 3 |  4- 6 |  7- 9 || total
-------------------------+-------+-------+-------++-------
Melee: Hand axe          |    76 |   129 |   218 ||   423
       Headbutt          |     9 |    29 |    57 ||    95
Invok: Berserk           |     2 |     3 |     4 ||     9
       Trog's Hand       |       |       |     1 ||     1
  Use: Scroll            |       |     4 |     1 ||     5
       Potion            |       |       |     6 ||     6
  Eat: Chunk             |     2 |     6 |     8 ||    16
       Ration            |       |     1 |     1 ||     2
Armor: Animal skin       |    10 |    13 |       ||    23
       Plate armour      |       |    12 |   143 ||   155
Dodge: Dodged            |    60 |    56 |   102 ||   218
